[Event "*** Titled Tuesday Blitz"]
[Site "Chess.com"]
[Date "2019.11.05"]
[Round "5"]
[White "moro182"]
[Black "hypert"]
[Result "1-0"]
[WhiteElo "2725"]
[BlackElo "2466"]
[TimeControl "180+2"]
[EndTime "14:03:14 PST"]
[Termination "moro182 won by resignation"]

1. d4 Nf6 2. c4 e6 3. Nc3 Bb4 4.
e3 d5 5. Bd3 O-O 6. Nf3 b6 7.
O-O Ba6 8. cxd5 exd5 9. Bxa6 Nxa6 10. Qa4 Qc8 11. Ne5 Re8 12. Bd2 Bd6 13. f4 c5 14.
Rac1 Nc7 15. Be1 a6 16. Bh4 c4 17. Bxf6 gxf6 18. Nd7 b5 19. Nxf6+ Kh8 20. Qc2 1-0

[Event "*** Titled Tuesday Blitz"]
[Site "Chess.com"]
[Date "2019.11.05"]
[Round "5"]
[White "MathiasWomacka"]
[Black "dimke2802"]
[Result "1-0"]
[WhiteElo "2315"]
[BlackElo "2423"]
[TimeControl "180+2"]
[EndTime "14:03:15 PST"]
[Termination "MathiasWomacka won by resignation"]

1. e4 c5 2. Nf3 Nc6 3. d4 cxd4 4.
Nxd4 Nf6 5. Nc3 d6 6. Be2 e5 7. Nf3 h6 8. O-O Be7 9. Re1 O-O 10. h3 Be6 11. Bf1 Nb8 12. b3 Nbd7 13. Bb2 Nc5 14. Nd2 Rc8 15. Qf3 a6 16. a4 Ne8 17. Nc4 f5 18. exf5 Bxf5 19. Qd1 Nf6 20. Ne3 Be6 21. Ncd5 Nce4 22. f3 Ng3 23. Bc4 Qd7 24. Nb6 1-0

[Event "*** Titled Tuesday Blitz"]
[Site "Chess.com"]
[Date "2019.11.05"]
[Round "5"]
[White "Last7Samurai"]
[Black "SerGo055"]
[Result "0-1"]
[WhiteElo "2691"]
[BlackElo "2535"]
[TimeControl "180+2"]
[EndTime "14:03:21 PST"]
[Termination "SerGo055 won by resignation"]

1. d4 Nf6 2. Bg5 d5 3. Nd2 Bf5 4. Ngf3 c6 5. e3 Nbd7 6. Nh4 Bg6 7. Nxg6 hxg6 8. Be2 e5 9. dxe5 Nxe5 10. Nf3 Bd6 11. h3 Qb6 12. Rb1 Ne4 13. Bf4 Nxf3+ 14. gxf3 Nxf2 15. Kxf2 Bxf4 16. Qd3 O-O-O 17. Rbe1 Rde8 18.
Bd1 Rh5 19. Qd4 Bxe3+ 0-1

[Event "*** Titled Tuesday Blitz"]
[Site "Chess.com"]
[Date "2019.11.05"]
[Round "5"]
[White "vanyakuba"]
[Black "IMRosen"]
[Result "0-1"]
[WhiteElo "2398"]
[BlackElo "2598"]
[TimeControl "180+2"]
[EndTime "14:03:36 PST"]
[Termination "IMRosen won by resignation"]

1. e4 e5 2. Nf3 Nf6 3. Nc3 Nc6 4. d4 exd4 5. Nxd4 Nxe4 6. Nxe4 Qe7 7. Nxc6 Qxe4+ 8. Qe2 Qxe2+ 9. Bxe2 dxc6 10. Be3 Bd6 11. O-O-O Be6 12. Bf3 O-O 13. h4 Rad8 14. a3 a6 15. h5 h6 16. Rd2 Be5 17. Rhd1 Rxd2 18. Rxd2 f5 19. Bc5 Re8 20. Re2 Bc4 0-1

[Event "*** Titled Tuesday Blitz"]
[Site "Chess.com"]
[Date "2019.11.05"]
[Round "5"]
[White "cukus"]
[Black "gemarin"]
[Result "1-0"]
[WhiteElo "2452"]
[BlackElo "2124"]
[TimeControl "180+2"]
[EndTime "14:03:43 PST"]
[Termination "cukus won by resignation"]

1. e4 c5 2. Nf3 Nc6 3. d4 cxd4 4. Nxd4 Nf6 5. Nc3 d6 6. Bg5 e6 7. Qd3 h6 8. Bh4 a6 9. O-O-O Bd7 10. f4 g5 11. fxg5 Nh7 12. Nxc6 Bxc6 13. Kb1 hxg5 14. Bg3 Nf6 15. Be2 Be7 16. Rhf1 Rh6 17. Qe3 Rg6 18.
e5 Nd5 19. Nxd5 Bxd5 20. exd6 Bf6 21. Rxd5 Qb6 22. Qxb6 1-0

[Event "*** Titled Tuesday Blitz"]
[Site "Chess.com"]
[Date "2019.11.05"]
[Round "5"]
[White "Guenplen"]
[Black "Alex_Terzi"]
[Result "1-0"]
[WhiteElo "2948"]
[BlackElo "2506"]
[TimeControl "180+2"]
[EndTime "14:03:47 PST"]
[Termination "Guenplen won by resignation"]

1. Nf3 Nf6 2. c4 c5 3. Nc3 Nc6 4. e3 g6 5. d4 cxd4 6. exd4 d5 7.
cxd5 Nxd5 8. Qb3 Nxc3 9. Bc4 Nd5 10. Bxd5 e6 11. Bxc6+ bxc6 12. O-O Bg7 13. Bf4 O-O 14. Qe3 c5 15. dxc5 Bxb2 16. Rab1 Qf6 17. Rxb2 Qxb2 18. Be5 Qc2 19. Qh6 f6 20. Ng5 Rf7 21. Nxf7 Kxf7 22.
Qxh7+ Kf8 23. Bd6+ 1-0

[Event "*** Titled Tuesday Blitz"]
[Site "Chess.com"]
[Date "2019.11.05"]
[Round "5"]
[White "FairChess_on_YouTube"]
[Black "temus_galaktionov"]
[Result "1-0"]
[WhiteElo "3024"]
[BlackElo "2689"]
[TimeControl "180+2"]
[EndTime "14:03:52 PST"]
[Termination "FairChess_on_YouTube won by resignation"]

1. e4 c6 2. Nc3 g6 3. d4 Bg7 4. Be3 d6 5. Qd2 Nd7 6. h4 e5 7. h5 Qa5 8. O-O-O b5 9. Kb1 b4 10. Nce2 Ngf6 11. h6 Bf8 12. f3 Be7 13. Nh3 O-O 14.
Ng5 Nb6 15. Nc1 Ba6 16. Nb3 Qa4 17. dxe5 dxe5 18. Nc5 Bxc5 19. Bxc5 Bxf1 20. b3 Nc4 21. bxa4 Nxd2+ 22. Rxd2 Bc4 23. Bxf8 Kxf8 24. Rd6 Ne8 25.
Rxc6 Be6 26. Nxh7+ Kg8 27. Ng5 Bd7 28. h7+ 1-0

[Event "*** Titled Tuesday Blitz"]
[Site "Chess.com"]
[Date "2019.11.05"]
[Round "5"]
[White "Elshan1985"]
[Black "RainForestt"]
[Result "0-1"]
[WhiteElo "2760"]
[BlackElo "2558"]
[TimeControl "180+2"]
[EndTime "14:04:01 PST"]
[Termination "RainForestt won by resignation"]

1. d4 d5 2. c4 c6 3. Nf3 Nf6 4. cxd5 cxd5 5. Nc3 Nc6 6. Bf4 Qb6 7. Na4 Qa5+ 8. Bd2 Qc7 9. Rc1 e6 10. e3 Ne4 11. a3 Bd6 12. Bd3 O-O 13. b4 a6 14. Nc5 Nxd2 15. Qxd2 b6 16. Na4 Bd7 17. O-O f6 18. e4 Bf4 19. Qa2 Bxc1 20. Rxc1 dxe4 21.
Bxe4 Rac8 22. d5 Nxb4 0-1

[Event "*** Titled Tuesday Blitz"]
[Site "Chess.com"]
[Date "2019.11.05"]
[Round "5"]
[White "GrandGlacier"]
[Black "albano87"]
[Result "1-0"]
[WhiteElo "2522"]
[BlackElo "2008"]
[TimeControl "180+2"]
[EndTime "14:04:03 PST"]
[Termination "GrandGlacier won by resignation"]

1. e4 c5 2. Nf3 Nc6 3. d4 cxd4 4. Nxd4 Nf6 5. Nc3 d6 6. Bg5 Bd7 7. Bxf6 gxf6 8. Qd2 Rc8 9. O-O-O Rg8 10. Kb1 Nxd4 11. Qxd4 a6 12. Nd5 f5 13. e5 dxe5 14. Qxe5 Bg7 15.
Qe3 e6 16. Nb6 f4 17. Qb3 Rc7 18. Bc4 Qe7 19. Rhe1 Bc6 20. Bxe6 Kf8 21. Bd7 Rxd7 22. Nxd7+ 1-0

[Event "*** Titled Tuesday Blitz"]
[Site "Chess.com"]
[Date "2019.11.05"]
[Round "5"]
[White "maxip32"]
[Black "DinaBelenkaya"]
[Result "1-0"]
[WhiteElo "2489"]
[BlackElo "2309"]
[TimeControl "180+2"]
[EndTime "14:04:07 PST"]
[Termination "maxip32 won by resignation"]

1. e4 d5 2. exd5 Qxd5 3. Nc3 Qa5 4. d4 c6 5. a3 Nf6 6. Bd3 Bf5 7. b4 Qb6 8. Bxf5 e6 9. Bh3 a5 10. Rb1 axb4 11.
axb4 Bxb4 12. Ne2 Qa5 13. Bd2 Nbd7 14. O-O b5 15. Rb3 O-O 16. Qb1 Bd6 17. Ne4 Nxe4 18. Bxa5 Rxa5 19. Qc1 Ndf6 20. Nc3 b4 21. Nxe4 Nxe4 22.
Qe3 Nc3 23. Rxc3 bxc3 24. Qxc3 Rc8 25. Qxa5 1-0

[Event "*** Titled Tuesday Blitz"]
[Site "Chess.com"]
[Date "2019.11.05"]
[Round "5"]
[White "xamax2000"]
[Black "Philosopherrr"]
[Result "1-0"]
[WhiteElo "2575"]
[BlackElo "2352"]
[TimeControl "180+2"]
[EndTime "14:04:14 PST"]
[Termination "xamax2000 won by resignation"]

1. e4 e5 2. Nf3 Nc6 3. Bb5 a6 4. Ba4 Nf6 5. O-O Be7 6. Re1 b5 7. Bb3 d6 8. c3 O-O 9. h3 Bb7 10. d4 Re8 11. Nbd2 exd4 12. cxd4 Nd7 13. Nf1 Na5 14. Bc2 Bf6 15. Ng3 g6 16. Bh6 c5 17.
e5 dxe5 18. dxc5 Nc6 19. Ne4 Bg7 20. Bxg7 Kxg7 21. Nd6 Nxc5 22. Nxe8+ Qxe8 23. Qd6 Qf8 24. Qxf8+ Rxf8 25. Nxe5 Nd4 26. Rac1 Re8 27. Bxg6 1-0

[Event "*** Titled Tuesday Blitz"]
[Site "Chess.com"]
[Date "2019.11.05"]
[Round "5"]
[White "justantan"]
[Black "vlad10898"]
[Result "1-0"]
[WhiteElo "2853"]
[BlackElo "2660"]
[TimeControl "180+2"]
[EndTime "14:04:20 PST"]
[Termination "justantan won by resignation"]

1. e4 c5 2. Nf3 d6 3. d4 cxd4 4.
Nxd4 Nf6 5. Nc3 a6 6. h3 e5 7. Nde2 b5 8. Ng3 Nbd7 9. Bd3 Nb6 10. Bg5 Be7 11. Qf3 g6 12. O-O Be6 13. Rfd1 h6 14.
Bxf6 Bxf6 15. a4 b4 16. Na2 a5 17. Bb5+ Kf8 18. c3 bxc3 19. Nxc3 Kg7 20. Rd3 Qc7 21. Rad1 Rhd8 22. Nd5 Nxd5 23. exd5 Bd7 24. Rc3 Qb6 25. Bxd7 Rxd7 26. Qg4 Qxb2 27. Nh5+ 1-0

[Event "*** Titled Tuesday Blitz"]
[Site "Chess.com"]
[Date "2019.11.05"]
[Round "5"]
[White "kingofthenil"]
[Black "el-reptiliano"]
[Result "0-1"]
[WhiteElo "2530"]
[BlackElo "2317"]
[TimeControl "180+2"]
[EndTime "14:04:25 PST"]
[Termination "el-reptiliano won by checkmate"]

1. d4 d5 2. c4 dxc4 3. e3 e5 4.
Bxc4 exd4 5. exd4 Nf6 6. Nc3 Be7 7. Nf3 O-O 8. O-O Nc6 9. h3 h6 10. Qc2 Bd6 11. a3 a5 12. Re1 Bd7 13. Bxh6 gxh6 14. Qg6+ Kh8 15. Qxh6+ Nh7 16. Ne4 Be7 17. Ne5 Nxe5 18.
dxe5 Bg5 19. Qh5 Qe7 20. Rad1 Bc6 21. Bd3 f5 22. exf6 Bxf6 23. Nxf6 Qg7 24. Nxh7 Qxg2# 0-1

[Event "*** Titled Tuesday Blitz"]
[Site "Chess.com"]
[Date "2019.11.05"]
[Round "5"]
[White "WeAintSurePal"]
[Black "Pultis"]
[Result "1-0"]
[WhiteElo "2479"]
[BlackElo "2700"]
[TimeControl "180+2"]
[EndTime "14:04:27 PST"]
[Termination "WeAintSurePal won by resignation"]

1. e4 c6 2. d4 d5 3. e5 Bf5 4.
Nf3 e6 5. Be2 Ne7 6. O-O Ng6 7. c4 dxc4 8. Bxc4 Nd7 9. Nc3 Be7 10.
Qe2 b5 11. Bb3 a6 12. a3 O-O 13. Be3 c5 14. Rad1 c4 15. Bc2 Bxc2 16. Qxc2 Nb6 17.
Qe4 Nd5 18. Nxd5 Qxd5 19. Qg4 Rfc8 20. h4 c3 21. bxc3 Rxc3 22. h5 Nf8 23. Bg5 Bxg5 24. Qxg5 h6 25. Qf4 Rac8 26. Nh2 Rxa3 27. Ng4 Nh7 28. Ne3 Qd8 29. d5 exd5 30. Rxd5 Qg5 31. Qd4 Ra4 32. Qd3 Qf4 33. Rd8+ Rxd8 34. Qxd8+ Nf8 35.
Nd5 Qxe5 36. Ne7+ Qxe7 37. Qxe7 Ne6 38. Rc1 Nf4 39. Rc8+ Kh7 40. Qxf7 Ne2+ 41. Kf1 1-0

[Event "*** Titled Tuesday Blitz"]
[Site "Chess.com"]
[Date "2019.11.05"]
[Round "5"]
[White "MikaelyanArman"]
[Black "CarlssonLudvig"]
[Result "1-0"]
[WhiteElo "2730"]
[BlackElo "2485"]
[TimeControl "180+2"]
[EndTime "14:04:32 PST"]
[Termination "MikaelyanArman won by resignation"]

1. e4 e5 2. Nf3 Nc6 3. Bb5 Nf6 4.
d3 Bc5 5. O-O Nd4 6. Nxd4 Bxd4 7. c3 Bb6 8. Na3 c6 9. Ba4 O-O 10. Bg5 h6 11. Bh4 d5 12. Qe2 dxe4 13. dxe4 Bg4 14.
Qc2 Qe7 15. Nc4 Bc7 16. Ne3 Bh5 17. Nf5 Qd8 18. Rad1 Bxd1 19. Rxd1 Qxd1+ 20. Qxd1 Nxe4 21. Qd7 Bb6 22. Nxh6+ gxh6 23. Qg4+ Ng5 24. Bxg5 hxg5 25. Qxg5+ Kh8 26. Bc2 e4 27. Bxe4 f5 28. Qh6+ Kg8 29.
Qg6+ Kh8 30. Bxf5 Rxf5 31. Qxf5 Rd8 32. h4 Rd1+ 33. Kh2 Rf1 34. Qc8+ Kh7 35. Qxb7+ Kg6 36.
Qxc6+ Kh5 37. Qb5+ 1-0

[Event "*** Titled Tuesday Blitz"]
[Site "Chess.com"]
[Date "2019.11.05"]
[Round "5"]
[White "twitchTriniCupid"]
[Black "StockholmMissile"]
[Result "1-0"]
[WhiteElo "2435"]
[BlackElo "2288"]
[TimeControl "180+2"]
[EndTime "14:04:38 PST"]
[Termination "twitchTriniCupid won by resignation"]

1. d4 d5 2. c4 e6 3. Nc3 Bb4 4. Nf3 Nf6 5. Bg5 h6 6. Bxf6 Qxf6 7. Qa4+ Nc6 8. e3 O-O 9. Rc1 Bd7 10. cxd5 exd5 11. Bb5 a6 12. Bxc6 Bxc3+ 13. Rxc3 Bxc6 14. Qc2 Bd7 15. Ne5 Bf5 16. Qb3 Qg5 17. Qxd5 c6 18. Qf3 f6 19. h4 Bg4 20. Qxg4 1-0

[Event "*** Titled Tuesday Blitz"]
[Site "Chess.com"]
[Date "2019.11.05"]
[Round "5"]
[White "Rhinos1"]
[Black "adricalderon8"]
[Result "0-1"]
[WhiteElo "2057"]
[BlackElo "2355"]
[TimeControl "180+2"]
[EndTime "14:04:42 PST"]
[Termination "adricalderon8 won by resignation"]

1. d4 Nf6 2. Nf3 g6 3. g3 Bg7 4. Bg2 O-O 5. O-O d6 6. c4 Nc6 7.
Nc3 a6 8. d5 Na5 9. Nd2 c5 10.
Rb1 Rb8 11. a3 b5 12. cxb5 axb5 13. b4 cxb4 14. axb4 Nc4 15. Qb3 Nxd2 16. Bxd2 Bg4 17. Rfc1 Qd7 18. Bf1 Rfc8 19. Ra1 Bh3 20. Bxh3 Qxh3 21.
f3 h5 22. Ra5 h4 23. Be1 hxg3 24. hxg3 Nh5 25. g4 Bd4+ 0-1

[Event "*** Titled Tuesday Blitz"]
[Site "Chess.com"]
[Date "2019.11.05"]
[Round "5"]
[White "severomorskij"]
[Black "DanielNaroditsky"]
[Result "1/2-1/2"]
[WhiteElo "2885"]
[BlackElo "2978"]
[TimeControl "180+2"]
[EndTime "14:04:43 PST"]
[Termination "Game drawn by repetition"]

1. d4 Nf6 2. c4 g6 3. Nc3 Bg7 4. e4 d6 5. Bd3 O-O 6. Nge2 Nc6 7. O-O e5 8. d5 Ne7 9. a4 a5 10. Ra3 Nd7 11. Kh1 f5 12. exf5 gxf5 13. f4 Ng6 14. Bc2 e4 15. Be3 Nf6 16. Bd4 Ng4 17. Qe1 b6 18. Bxg7 Kxg7 19. Nb5 Bd7 20. Ned4 Qf6 21. h3 Nh6 22. Rg3 Kh8 23. Qe3 Rac8 24. Na7 Rce8 25. Nab5 Rc8 26. Na7 Rce8 27. Nab5 Rc8 1/2-1/2

[Event "*** Titled Tuesday Blitz"]
[Site "Chess.com"]
[Date "2019.11.05"]
[Round "5"]
[White "Crazy_girl99"]
[Black "gmcorrales"]
[Result "1/2-1/2"]
[WhiteElo "2516"]
[BlackElo "2851"]
[TimeControl "180+2"]
[EndTime "14:04:56 PST"]
[Termination "Game drawn by repetition"]

1. e4 d5 2. exd5 Qxd5 3. Nc3 Qa5 4. d4 c6 5. Bd2 Nf6 6. Bc4 Bf5 7. Nf3 e6 8. Nd5 Qd8 9. Nxf6+ gxf6 10. Qe2 Nd7 11. O-O-O Nb6 12. Bb3 Bd6 13. Nh4 Bg6 14.
Nxg6 hxg6 15. h4 Qc7 16. h5 gxh5 17. Rxh5 Rxh5 18. Qxh5 O-O-O 19. Ba5 c5 20. dxc5 Bf4+ 21. Kb1 Rxd1+ 22. Qxd1 Qxc5 23. Bc3 Be5 24. Bxe5 Qxe5 25. a3 f5 26. Qh5 Qf6 27. Qf3 Nd7 28. Qe3 b6 29.
Qd3 Nc5 30. Qb5 Qe5 31. Qe8+ Kb7 32. Qxf7+ Ka6 33. f3 Nxb3 34. cxb3 b5 35. Qe7 Kb6 36. Qb4 a5 37. Qf8 Qd5 38. Qb8+ Ka6 39. Qc8+ Kb6 40.
Qb8+ Ka6 41. Qc8+ Kb6 42. Qb8+ 1/2-1/2

[Event "*** Titled Tuesday Blitz"]
[Site "Chess.com"]
[Date "2019.11.05"]
[Round "5"]
[White "PNEPaul"]
[Black "LuisFSiles"]
[Result "0-1"]
[WhiteElo "1730"]
[BlackElo "2307"]
[TimeControl "180+2"]
[EndTime "14:05:10 PST"]
[Termination "LuisFSiles won by resignation"]

1. e4 e5 2. Nf3 Nc6 3. Bc4 Nf6 4. Ng5 d5 5. exd5 b5 6. Bxb5 Qxd5 7. Bxc6+ Qxc6 8.
Qf3 e4 9. Qc3 Bc5 10. b4 h6 11.
Nh3 Bxh3 12. gxh3 e3 13. Qxc5 Qxh1+ 14. Ke2 exf2 15. Qe5+ Kf8 16. Qf4 Re8+ 0-1

[Event "*** Titled Tuesday Blitz"]
[Site "Chess.com"]
[Date "2019.11.05"]
[Round "5"]
[White "VerdeNotte"]
[Black "VincentKeymer"]
[Result "1-0"]
[WhiteElo "2763"]
[BlackElo "2531"]
[TimeControl "180+2"]
[EndTime "14:05:12 PST"]
[Termination "VerdeNotte won by resignation"]

1. g3 d5 2. Nf3 c6 3. Bg2 Bg4 4. b3 Nd7 5. Bb2 Ngf6 6. c4 e6 7. h3 Bxf3 8. Bxf3 h5 9. d3 Bd6 10. Nd2 h4 11. g4 Ne5 12. Bg2 Ng6 13. e3 e5 14. g5 Nd7 15. cxd5 Qxg5 16. Qg4 Qxg4 17.
hxg4 c5 18. Ne4 Ke7 19. g5 f5 20. gxf6+ Nxf6 21. Ng5 Rh5 22. Ne6 h3 23. Rxh3 Rxh3 24.
Bxh3 Rh8 25. Bf5 Nh4 26. Be4 Nxe4 27. dxe4 Ng6 28. Ke2 Kf6 29. Rg1 Nf8 30. Nxg7 1-0

[Event "*** Titled Tuesday Blitz"]
[Site "Chess.com"]
[Date "2019.11.05"]
[Round "5"]
[White "WPWPWP-2015"]
[Black "Vasily85"]
[Result "1-0"]
[WhiteElo "2482"]
[BlackElo "2201"]
[TimeControl "180+2"]
[EndTime "14:05:14 PST"]
[Termination "WPWPWP-2015 won by resignation"]

1. e4 c5 2. Nf3 Nc6 3. d4 cxd4 4. Nxd4 Nf6 5. Nc3 d6 6. Bg5 e6 7. Bb5 Bd7 8. O-O Be7 9. Bxc6 bxc6 10. Be3 O-O 11. h3 Rb8 12. Nb3 a5 13. Rb1 Rb4 14.
a3 Rb7 15. Nd2 d5 16. e5 Ne8 17. Na4 Qc7 18. Bc5 Bc8 19. Nb3 Qxe5 20. Nxa5 Bxc5 21.
Nxb7 Bxf2+ 22. Rxf2 Bxb7 23. Nc5 Nd6 24. Nd7 Qg5 25. Nxf8 Kxf8 26. Qd4 Ke7 27. Qb6 f6 28. Qc7+ 1-0

[Event "*** Titled Tuesday Blitz"]
[Site "Chess.com"]
[Date "2019.11.05"]
[Round "5"]
[White "Alliswell998"]
[Black "Joshukid"]
[Result "1-0"]
[WhiteElo "2528"]
[BlackElo "2683"]
[TimeControl "180+2"]
[EndTime "14:05:17 PST"]
[Termination "Alliswell998 won by resignation"]

1. d4 Nf6 2. Bg5 d5 3. Bxf6 exf6 4. e3 Bd6 5. g3 O-O 6. Bg2 c6 7. Ne2 Nd7 8. O-O Re8 9. b3 Nf8 10. c4 dxc4 11. bxc4 Be6 12. c5 Bc7 13. Nbc3 f5 14.
Rb1 Rb8 15. Qa4 a6 16. Rfd1 Nd7 17. Qc2 g6 18. Nf4 Nf6 19. Nxe6 fxe6 20. Rb2 Ba5 21. Rdb1 Bxc3 22. Qxc3 Qc7 23. Rb6 Nd7 24. R6b2 e5 25. d5 e4 26. d6 Qc8 27. Bf1 Ne5 28. Bc4+ Kg7 29. Bxa6 Kh6 30. Rxb7 Nf3+ 31. Kg2 Rxb7 32. Rxb7 1-0

[Event "*** Titled Tuesday Blitz"]
[Site "Chess.com"]
[Date "2019.11.05"]
[Round "5"]
[White "German_Bazeev"]
[Black "IvanRadivojevic"]
[Result "0-1"]
[WhiteElo "2684"]
[BlackElo "2503"]
[TimeControl "180+2"]
[EndTime "14:05:26 PST"]
[Termination "IvanRadivojevic won by resignation"]

1. d4 Nf6 2. c4 e6 3. Nf3 Bb4+ 4. Bd2 Qe7 5. g3 O-O 6. Bg2 Bxd2+ 7. Nbxd2 d6 8. Nf1 e5 9. Ne3 Re8 10. O-O c6 11.
Rc1 Qc7 12. c5 exd4 13. cxd6 Qxd6 14. Nxd4 Qe5 15. Nc4 Qh5 16. e4 Qxd1 17. Rfxd1 Nbd7 18. f4 Nb6 19. Nd6 Rd8 20. e5 Ne8 21. N4f5 Bxf5 22. Nxf5 Kf8 23. Kf2 g6 24. Ne3 Nc7 25. Be4 Ke7 26.
h4 Na4 27. Kf3 Nb5 28. b3 Nac3 29. Rxd8 Rxd8 30. a4 Nd4+ 0-1

[Event "*** Titled Tuesday Blitz"]
[Site "Chess.com"]
[Date "2019.11.05"]
[Round "5"]
[White "misha_melnichuk"]
[Black "chanchakman"]
[Result "1-0"]
[WhiteElo "2511"]
[BlackElo "2154"]
[TimeControl "180+2"]
[EndTime "14:05:28 PST"]
[Termination "misha_melnichuk won by resignation"]

1. Nf3 Nf6 2. d4 g6 3. c4 Bg7 4. Nc3 d6 5. e4 O-O 6. Be2 e5 7. O-O Nc6 8. dxe5 dxe5 9. Qxd8 Rxd8 10. Bg5 Re8 11. Nd5 Nxd5 12. cxd5 Nd4 13. Nxd4 exd4 14. Bd3 c5 15. dxc6 bxc6 16. Rfc1 Bb7 17. f3 Rac8 18. Rc2 h6 19. Bd2 Rf8 20. Rac1 Rfe8 21. Bb4 Re5 22.
f4 Ree8 23. e5 g5 24. g3 gxf4 25. gxf4 Rcd8 26. Bd6 f6 27. Bc4+ Kh8 28. Bf7 fxe5 29. Bxe8 Rxe8 30. fxe5 Re6 31. Rd1 Bxe5 32. Bxe5+ Rxe5 33.
Rxd4 Re7 34. Rcd2 1-0

[Event "*** Titled Tuesday Blitz"]
[Site "Chess.com"]
[Date "2019.11.05"]
[Round "5"]
[White "2nd_life"]
[Black "gorgeous1083"]
[Result "1-0"]
[WhiteElo "2412"]
[BlackElo "1990"]
[TimeControl "180+2"]
[EndTime "14:05:29 PST"]
[Termination "2nd_life won by checkmate"]

1. e4 e5 2. f4 d5 3. exd5 Qxd5 4. Nc3 Qa5 5. fxe5 Qxe5+ 6. Be2 c6 7. Nf3 Qc7 8. O-O Nf6 9. d4 Bb4 10. Ne5 O-O 11. Bc4 Nbd7 12. Bf4 Bxc3 13. Nxf7 Qb6 14. Ng5+ Kh8 15. bxc3 Qb2 16. Qd3 a5 17. Bd6 Re8 18. Qxh7+ Nxh7 19. Nf7+ Kg8 20. Ne5+ Kh8 21. Ng6# 1-0

[Event "*** Titled Tuesday Blitz"]
[Site "Chess.com"]
[Date "2019.11.05"]
[Round "5"]
[White "Tolya2"]
[Black "CzechmVIII"]
[Result "1-0"]
[WhiteElo "2399"]
[BlackElo "2091"]
[TimeControl "180+2"]
[EndTime "14:05:33 PST"]
[Termination "Tolya2 won by resignation"]

1. Nf3 c5 2. c4 Nf6 3. Nc3 b6 4. g3 Bb7 5. Bg2 e6 6. d4 cxd4 7.
Qxd4 d6 8. b3 Be7 9. Ba3 Na6 10.
Rd1 Nc5 11. Nb5 O-O 12. Nxd6 Bxd6 13. Qxd6 Qxd6 14. Rxd6 Nfe4 15. Bxc5 bxc5 16. Rd7 Bc6 17. Rc7 Rfc8 18. Rxc8+ Rxc8 19. Ne5 Ba8 20. O-O Nc3 21. Re1 Nxa2 22. Ra1 Nc3 23. e3 Bxg2 24. Kxg2 f6 25. Nd3 Rc7 26. Ra5 Ne4 27. f3 Nd2 28. Nxc5 Kf7 29.
Kf2 e5 30. Ke2 Nb1 31. Kd3 Ke7 32. b4 Kd6 33. Kc2 e4 1-0

[Event "*** Titled Tuesday Blitz"]
[Site "Chess.com"]
[Date "2019.11.05"]
[Round "5"]
[White "Slovak_fighter2000"]
[Black "saraswathii"]
[Result "1-0"]
[WhiteElo "2407"]
[BlackElo "2208"]
[TimeControl "180+2"]
[EndTime "14:05:39 PST"]
[Termination "Slovak_fighter2000 won by resignation"]

1. d4 Nc6 2. Nf3 d5 3. g3 Bf5 4.
Bg2 Qd7 5. Bf4 O-O-O 6. c3 f6 7. h4 h5 8. Qa4 Kb8 9. Nbd2 Nh6 10. Bxh6 Rxh6 11. Nb3 e5 12. e3 exd4 13. cxd4 Bb4+ 14. Kf1 Bd3+ 15. Kg1 g5 16. a3 Bd6 17. hxg5 fxg5 18. Nxg5 Qf5 19. Nh3 Bc2 20. Qb5 Be7 21. Nc5 b6 22.
Nf4 Bxc5 23. dxc5 Ne7 24. cxb6 Rxb6 25. Qc5 Rdd6 26. Rxh5 Qf6 27. Qxc2 Rxb2 28. Rb1 1-0

[Event "*** Titled Tuesday Blitz"]
[Site "Chess.com"]
[Date "2019.11.05"]
[Round "5"]
[White "MaximDlugy"]
[Black "Olga_Ustinova"]
[Result "1/2-1/2"]
[WhiteElo "2795"]
[BlackElo "2394"]
[TimeControl "180+2"]
[EndTime "14:05:41 PST"]
[Termination "Game drawn by repetition"]

1. d4 Nf6 2. c4 g6 3. Nc3 d5 4. Bg5 Ne4 5. Bh4 Nxc3 6. bxc3 c6 7.
e3 Bg7 8. Nf3 O-O 9. Qb3 b6 10.
cxd5 cxd5 11. c4 Bb7 12. cxd5 Bxd5 13. Bc4 Bxc4 14. Qxc4 Nd7 15. O-O Nf6 16. Rac1 Rc8 17. Qa4 Rxc1 18. Rxc1 Qb8 19. Bg3 Qb7 20. Rc7 Qe4 21.
h3 a5 22. Qc2 Qxc2 23. Rxc2 Ne4 24. Be5 Bxe5 25. Nxe5 b5 26. Nc6 e6 27. Nxa5 Ra8 28.
Nb7 b4 29. Rb2 h5 30. f3 Nc3 31. Rxb4 Rxa2 32. Nd6 Nd5 33. Rb8+ Kg7 34. e4 Ne3 35. Rb7 Rxg2+ 36. Kh1 Rf2 37. Rxf7+ Kg8 38. Rf6 Kg7 39. Ne8+ Kh7 40. Nc7 g5 41. Nxe6 Rf1+ 42. Kh2 Rf2+ 43. Kg1 Rf1+ 44. Kh2 Rf2+ 45. Kg1 Rf1+ 46. Kh2 1/2-1/2

[Event "*** Titled Tuesday Blitz"]
[Site "Chess.com"]
[Date "2019.11.05"]
[Round "5"]
[White "joppie2"]
[Black "Zq1"]
[Result "1-0"]
[WhiteElo "2885"]
[BlackElo "2614"]
[TimeControl "180+2"]
[EndTime "14:05:46 PST"]
[Termination "joppie2 won by resignation"]

1. d4 d5 2. c4 e6 3. Nc3 Be7 4. Nf3 Nf6 5. Bf4 O-O 6. e3 b6 7. Qc2 c5 8. O-O-O Bb7 9. Kb1 Nbd7 10. cxd5 exd5 11. Ne5 c4 12. g4 a6 13. Bg2 Rc8 14. g5 Nh5 15. Nxd5 Nxf4 16. exf4 Bd6 17. Rhg1 b5 18. Nf6+ gxf6 19. Nxd7 Qxd7 20. Bxb7 f5 21. Bxc8 Rxc8 22. h4 b4 23. h5 c3 24. g6 cxb2 25. Qb3 Rc1+ 26. Rxc1 bxc1=Q+ 27. Rxc1 Bxf4 28. Qxf7+ 1-0

[Event "*** Titled Tuesday Blitz"]
[Site "Chess.com"]
[Date "2019.11.05"]
[Round "5"]
[White "Agent-JL"]
[Black "politeplayer"]
[Result "1/2-1/2"]
[WhiteElo "2492"]
[BlackElo "2227"]
[TimeControl "180+2"]
[EndTime "14:05:55 PST"]
[Termination "Game drawn by agreement"]

1. d4 d5 2. Nf3 e6 3. e3 Bd6 4. c4 Nf6 5. cxd5 exd5 6. Nc3 c6 7. Bd3 Bg4 8. h3 Bh5 9. g4 Bg6 10. Ne5 Bxd3 11. Qxd3 Nbd7 12. f4 O-O 13. O-O Re8 14.
Bd2 Ne4 15. Nxe4 dxe4 16. Qb3 Bxe5 17. fxe5 Nxe5 18. dxe5 Qxd2 19. Rxf7 Qd5 20. Qxd5 cxd5 21. Rxb7 Rxe5 22. Rd1 h5 23. Kg2 hxg4 24. hxg4 Rf8 25.
Rc7 Rf3 26. Rc3 1/2-1/2

[Event "*** Titled Tuesday Blitz"]
[Site "Chess.com"]
[Date "2019.11.05"]
[Round "5"]
[White "Qvalda"]
[Black "Barcelona_Guy"]
[Result "1-0"]
[WhiteElo "2547"]
[BlackElo "2729"]
[TimeControl "180+2"]
[EndTime "14:05:56 PST"]
[Termination "Qvalda won by resignation"]

1. d4 Nf6 2. Nf3 d5 3. Bg5 Ne4 4. Bh4 h5 5. Nbd2 f6 6. Nxe4 dxe4 7. Nd2 g5 8. Bxg5 fxg5 9. Nxe4 Qd5 10. Nc3 Qd6 11.
e4 e5 12. Nb5 Qe7 13. dxe5 a6 14. Nc3 Qxe5 15. Bc4 Bb4 16. Qf3 Qf4 17. Qd3 Nc6 18. Rd1 Bg4 19. O-O Bxd1 20. Rxd1 Rd8 21. Nd5 Qe5 22. Qf3 g4 23. Nf6+ Ke7 24. Ng8+ 1-0

[Event "*** Titled Tuesday Blitz"]
[Site "Chess.com"]
[Date "2019.11.05"]
[Round "5"]
[White "mortngabriel"]
[Black "MikeSailer"]
[Result "0-1"]
[WhiteElo "2266"]
[BlackElo "2209"]
[TimeControl "180+2"]
[EndTime "14:05:58 PST"]
[Termination "MikeSailer won on time"]

1. Nf3 d5 2. e3 Nf6 3. c4 c6 4.
Nc3 Bf5 5. Be2 e6 6. Nh4 Bg6 7. O-O Bd6 8. d4 Nbd7 9. b3 Ne4 10. Nxe4 Bxh2+ 11. Kxh2 Qxh4+ 12. Kg1 Bxe4 13. Ba3 Nf6 14. Qd2 h5 15. f3 Bf5 16. Qb4 O-O-O 17. Qa5 Ng4 18.
fxg4 hxg4 19. Be7 Qxe7 20. g3 Qd6 21. Rf4 g5 22. c5 Qb8 0-1